 Dungeon Crawl Stone Soup version 0.28-a0-529-g3bad584f25 (webtiles) character file.

Game seed: 5711478595207474493

32 sleeves the Slasher (level 3, -5/23 HPs)
             Began as a Tengu Monk on Sept 24, 2021.
             Was an Initiate of Gozag.
             Slain by Terence (7 damage)
             ... on level 2 of the Dungeon.
             The game lasted 00:01:54 (1363 turns).

sleeves the Slasher (Tengu Monk)                    Turns: 1363, Time: 00:01:55

Health: -5/23      AC:  2    Str: 17    XL:     3   Next: 27%
Magic:  4/4        EV: 13    Int: 11    God:    Gozag
Gold:   56         SH:  0    Dex: 16    Spells: 2/2 levels left

rFire   . . .      SeeInvis .   a - +0 falchion
rCold   . . .      Faith    .   (no shield)
rNeg    . . .      Spirit   .   b - +0 robe
rPois   .          Reflect  .   (helmet restricted)
rElec   .          Harm     .   (no cloak)
rCorr   .          Rampage  .   (no gloves)
Will    .....                   (boots unavailable)
Stlth   ++........              (no amulet)
HPRegen 0.07/turn               g - +6 ring of strength
MPRegen 0.09/turn               (no ring)

@: no status effects
A: beak, talons 3
a: Renounce Religion, Potion Petition, Call Merchant, Bribe Branch


You were on level 2 of the Dungeon.
You worshipped Gozag.
Gozag was noncommittal.
You visited 1 branch of the dungeon, and saw 2 of its levels.

You collected 56 gold pieces.

Inventory:

Hand Weapons
 a - a +0 falchion (weapon)
Armour
 b - a +0 robe (worn)
 e - a +0 pair of gloves
   (You found it on level 1 of the Dungeon)
Jewellery
 g - a +6 ring of strength (left hand)
   (You found it on level 1 of the Dungeon)
 h - a ring of flight
   (You found it on level 2 of the Dungeon)
Scrolls
 c - 2 scrolls of identify {unknown}
Potions
 d - a potion of resistance {unknown}
 f - a potion of curing {unknown}


   Skills:
 - Level 3.0 Fighting
 + Level 4.7 Long Blades
 - Level 3.2 Dodging
 - Level 2.0 Stealth


You had 2 spell levels left.
You didn't know any spells.
Your spell library contained the following spells:

 Spells                   Type           Power      Damage    Failure   Level
 Passwall                 Tmut/Erth      0%         N/A       47%         2
 Swiftness                Air            0%         N/A       71%         3
 Invisibility             Hex            0%         N/A       100%        6


Dungeon Overview and Level Annotations

Branches:
Dungeon (2/15)

Altars:
Gozag
Qazlal

Annotations:
D:2 Robin, Terence


Innate Abilities, Weirdness & Mutations

You have a beak for a mouth.
You have claws for feet.


Message History

Welcome, sleeves the Tengu Monk.
The bosom of this dungeon contains the fabled artefact, the Orb of Zot.
Press ? for a list of commands and other information.
Found an escape hatch in the floor.
Found a staircase leading out of the dungeon.
You open the door.
There is an open door here.
You enter the shallow water.
Moving in this stuff is going to be slow.
A kobold comes into view. It is wielding a +0 short sword.
The kobold shouts!
A kobold is nearby!
A kobold is nearby!
A kobold is nearby!
A rat comes into view.
Found a chain mail.
You enter the shallow water.
Moving in this stuff is going to be slow.
The kobold hits you with a +0 short sword.
An endoplasm comes into view.
The kobold hits you with a +0 short sword.
You are too injured to fight recklessly!
You are too injured to fight recklessly!
You are too injured to fight recklessly!
You are too injured to fight recklessly!
You closely miss the kobold. You claw the kobold.
You kill the kobold!
The rat twitches its whiskers.
There is an open door here.
You close the door.
You start resting.
HP restored.
You open the door.
No target in view!
There is an open door here.
No target in view!
No target in view!
A rat is nearby!
A rat is nearby!
You enter the shallow water.
Moving in this stuff is going to be slow.
The rat closely misses you.
You barely miss the rat.
The rat splashes around in the water.
Your unstable footing causes you to fumble your attack.
The rat misses you.
Your unstable footing causes you to fumble your attack.
The rat barely misses you.
Your unstable footing causes you to fumble your attack.
The rat splashes around in the water.
You closely miss the rat. The rat bites you but does no damage.
The rat barely misses you.
You slash the rat!
You kill the rat!
No target in view!
No target in view!
Things that are here:
a +0 short sword; a kobold corpse An endoplasm is nearby!
An endoplasm is nearby!
An endoplasm is nearby!
A hobgoblin comes into view.
The endoplasm quivers.
You slash the endoplasm!
You kill the endoplasm!
You completely miss the hobgoblin. Your kick misses the hobgoblin.
Your peck misses the hobgoblin. The hobgoblin hits you.
You closely miss the hobgoblin. You claw the hobgoblin.
You kill the hobgoblin!
No target in view!
No target in view!
c - a scroll labelled RESYTU UZEMEAB You open the door.
There is an open door here.
You open the door.
There is an open door here.
You see here a +0 chain mail.
A bat comes into view.
A bat is nearby!
A bat is nearby!
You enter the shallow water.
Moving in this stuff is going to be slow.
A kobold comes into view. It is wielding a +2 antimagic whip.
Your unstable footing causes you to fumble your attack.
The bat barely misses you. The bat completely misses you.
You hit the bat.
You kill the bat!
No target in view!
No target in view!
You enter the shallow water.
Moving in this stuff is going to be slow.
The kobold shouts!
You hit the kobold.
You kill the kobold!
You hear a splash. x2
No target in view!
You enter the shallow water.
Moving in this stuff is going to be slow.
Things that are here:
a +2 antimagic whip; 2 stones; a kobold corpse You now have 7 gold pieces.
You open the door.
There is an open door here.
A goblin comes into view. It is wielding a +0 dagger.
A goblin is nearby!
A goblin is nearby!
A goblin is nearby!
A goblin is nearby!
You enter the shallow water.
Moving in this stuff is going to be slow.
You enter the shallow water.
Moving in this stuff is going to be slow.
The goblin shouts!
The goblin hits you with a +0 dagger.
You hit the goblin. You claw the goblin.
You kill the goblin!
You have reached level 2!
You enter the shallow water.
Moving in this stuff is going to be slow.
You enter the shallow water.
Moving in this stuff is going to be slow.
You enter the shallow water.
Moving in this stuff is going to be slow.
Found a stone staircase leading down.
A kobold comes into view. It is wielding a +0 short sword.
A kobold is nearby!
A kobold is nearby!
A kobold is nearby!
Found 17 stones.
The kobold shouts!
The kobold barely misses you.
You hit the kobold. You peck the kobold, but do no damage.
The kobold is moderately wounded.
The kobold closely misses you.
You hit the kobold but do no damage. Your kick misses the kobold.
Your peck misses the kobold.
The kobold is moderately wounded.
The kobold hits you with a +0 short sword.
You barely miss the kobold. Your peck misses the kobold.
The kobold is moderately wounded.
The kobold completely misses you.
You hit the kobold.
You kill the kobold!
No target in view!
No target in view!
No target in view!
Things that are here:
a +0 short sword; a kobold corpse You open the door.
There is an open door here.
A goblin comes into view. It is wielding a +0 dagger.
The goblin shouts!
A goblin is nearby!
A goblin is nearby!
A goblin is nearby!
You closely miss the goblin. The goblin misses you.
The goblin closely misses you.
You slash the goblin!
You kill the goblin!
Your Long Blades skill increases to level 4!
No target in view!
No target in view!
Things that are here:
a +0 dagger; a goblin corpse You open the door.
There is an open door here.
You open the door.
There is an open door here.
You open the door.
A kobold comes into view. It is wielding a +0 short sword.
A kobold is nearby!
A kobold is nearby!
The kobold shouts!
There is an open door here.
The kobold barely misses you.
You hit the kobold.
You kill the kobold!
No target in view!
No target in view!
No target in view!
No target in view!
No target in view!
No target in view!
No target in view!
No target in view!
No target in view!
No target in view!
No target in view!
You see here a +0 short sword.
A jackal comes into view.
A jackal is nearby!
A jackal is nearby!
A jackal comes into view.
The jackal barks!
You see here a book of Burglary.
The jackal barks!
You hit the jackal. Your kick misses the jackal. Your peck misses the jackal.
The jackal is moderately wounded.
The jackal barely misses you.
You closely miss the jackal. Your kick misses the jackal.
The jackal is moderately wounded.
The jackal closely misses you. x2
You barely miss the jackal. You claw the jackal.
You peck the jackal, but do no damage.
The jackal is almost dead.
The jackal bites you but does no damage.
The jackal misses you.
You closely miss the jackal. You peck the jackal.
You kill the jackal!
You hit the jackal. You peck the jackal.
You kill the jackal!
No target in view!
No target in view!
No target in view!
No target in view!
No target in view!
No target in view!
No target in view!
No target in view!
No target in view!
No target in view!
No target in view!
No target in view!
You pick up a book of Burglary and begin reading...
You add the spells Passwall, Swiftness and Invisibility to your library.
A kobold comes into view. It is wielding a +0 short sword.
A kobold is nearby!
A kobold is nearby!
A kobold is nearby!
The kobold hits you with a +0 short sword.
You miss the kobold. Your peck misses the kobold. The kobold barely misses you.
You hit the kobold.
The kobold is severely wounded.
The kobold hits you but does no damage. The kobold barely misses you.
You barely miss the kobold. You claw the kobold.
You kill the kobold!
No target in view!
No target in view!
No target in view!
No target in view!
No target in view!
No target in view!
No target in view!
No target in view!
You see here a +0 short sword.
You open the door.
A jackal comes into view.
The jackal barks!
A jackal is nearby!
A jackal is nearby! 2 jackals come into view.
The jackal closely misses you.
There is an open door here.
You barely miss the jackal.
The jackal barks!
The jackal misses you.
You hit the jackal but do no damage. You claw the jackal, but do no damage.
Your peck misses the jackal.
The jackal bites you but does no damage.
You hit the jackal. You claw the jackal.
You kill the jackal!
The jackal closely misses you. x2
You hit the jackal. Your kick misses the jackal. You peck the jackal.
You kill the jackal!
The jackal barely misses you. x2
You hit the jackal. Your kick misses the jackal.
The jackal is severely wounded.
The jackal bites you.
You hit the jackal.
You kill the jackal!
No target in view!
No target in view!
No target in view!
No target in view!
You see here a jackal corpse.
You open the door.
There is an open door here.
There is an open door here.
You see here a jackal corpse.
There is an open door here.
You see here a +0 short sword.
As you open the door, it creaks loudly!
There is an open door here.
You see here 17 stones.
You now have 16 gold pieces (gained 9).
A ball python comes into view.
The ball python hisses angrily.
A ball python is nearby!
A ball python is nearby!
A ball python is nearby!
The ball python barely misses you. The ball python closely misses you.
You closely miss the ball python. The ball python bites you.
The ball python grabs you. The ball python constricts you.
You hit the ball python.
You kill the ball python!
No target in view!
No target in view!
No target in view!
No target in view!
No target in view!
No target in view!
A rat comes into view.
Found a faded altar of an unknown god.
A rat is nearby!
A rat is nearby!
Found a ruby potion.
There is a faded altar of an unknown god here.
The helpless rat fails to defend itself.
You slash the rat!
You kill the rat!
No target in view!
No target in view!
No target in view!
No target in view!
No target in view!
No target in view!
No target in view!
No target in view!
No target in view!
There is a dry fountain here.
d - a ruby potion
e - a +0 pair of gloves
Found a stone staircase leading down.
No target in view!
No target in view!
No target in view!
No target in view!
No target in view!
No target in view!
No target in view!
No target in view!
No target in view!
Found a stone staircase leading down.
c - 2 scrolls labelled RESYTU UZEMEAB (gained 1)
f - a fuming yellow potion No target in view!
There is a stone staircase leading down here.
There is a stone staircase leading down here.
You open the door.
Found an escape hatch in the floor.
You open the door.
A rat and a kobold come into view.
Found an escape hatch in the floor.
There are monsters nearby!
There is an open door here.
The kobold completely misses you.
You hit the kobold.
You kill the kobold!
The rat barely misses you.
Things that are here:
a +0 dagger; a kobold corpse You closely miss the rat.
You claw the rat.
You kill the rat!
No target in view!
No target in view!
No target in view!
No target in view!
No target in view!
No target in view!
No target in view!
No target in view!
No target in view!
No target in view!
No target in view!
No target in view!
No target in view!
No target in view!
No target in view!
No target in view!
No target in view!
No target in view!
Search for what [? for help]? alt
There is an open door here.
There is a faded altar of an unknown god here.
You cannot tell which god this altar belongs to.
Convert to them anyway?
Okay, then.
Unknown command.
Press < or > to pray at altars.
Unknown command.
Press < or > to pray at altars.
You cannot tell which god this altar belongs to.
Convert to them anyway?
Okay, then.
Unknown command.
Press < or > to pray at altars.
You cannot tell which god this altar belongs to.
Convert to them anyway?
Gozag accepts your prayer! Gozag welcomes you!
Gozag waives the service fee.
There is an opulent altar of Gozag here.
There is an open door here.
There is an open door here.
You open the door.
There is an open door here.
A kobold comes into view. It is wielding a +0 dagger.
A kobold is nearby!
A kobold is nearby!
A kobold is nearby!
The helpless kobold fails to defend itself.
You hit the kobold. You claw the kobold.
You kill the kobold!
No target in view!
No target in view!
No target in view!
You now have 21 gold pieces (gained 5).
You see here a +0 dagger.
A kobold comes into view.
It is wielding a +1 dagger of protection.
A kobold is nearby!
The kobold shouts!
The kobold hits you with a +1 dagger of protection.
You hit the kobold.
You kill the kobold!
You have reached level 3!
Your experience leads to an increase in your attributes!
Increase (S)trength, (I)ntelligence, or (D)exterity?
You feel clever.
You now have 26 gold pieces (gained 5).
You see here a +1 dagger of protection.
g - a +6 ring of strength You open the door.
An endoplasm comes into view.
An endoplasm is nearby!
There is an open door here.
The helpless endoplasm fails to defend itself.
You slash the endoplasm!
You kill the endoplasm!
No target in view!
No target in view!
You now have 32 gold pieces (gained 6).
There is an open door here.
There is an open door here.
Key pressed, stopping explore.
Partly explored, can't reach some places.
Partly explored, can't reach some places.
Partly explored, can't reach some places.
No target in view!
You can't go down here!
(D) Dungeon
Where to? (Enter - D:1 @ (x,y), ? - help)
There is a stone staircase leading down here.
You climb downwards.
The hobgoblin shouts!
Robin shouts!
The goblin shouts! x3
The hobgoblin shouts! x2; The goblin shouts!
The hobgoblin shouts!
The goblin shouts!
You hear a shout!
There is a stone staircase leading up here.
There are monsters nearby!
There are monsters nearby!
There are monsters nearby!
There are monsters nearby!
The goblin shouts!
You slash the goblin!
You kill the goblin!
The hobgoblin hits you but does no damage.
You hit the hobgoblin. You peck the hobgoblin.
You kill the hobgoblin!
Robin throws the goblin at you! The hobgoblin barely misses you.
The goblin barely misses you. The goblin hits you with a +0 club.
The rat is distracted by your dazzling golden aura.
The hobgoblin barely misses you. The goblin misses you.
You climb upwards.
There is a stone staircase leading down here.
The goblin misses you. The hobgoblin closely misses you.
The goblin hits you with a +0 club. The hobgoblin hits you.
The hobgoblin barely misses you. x2
There is an open door here.
You closely miss the hobgoblin. The hobgoblin completely misses you.
You hit the hobgoblin. Your kick misses the hobgoblin.
The hobgoblin is lightly wounded.
The hobgoblin misses you.
You hit the hobgoblin.
The hobgoblin is severely wounded.
The hobgoblin barely misses you.
The hobgoblin hits you but does no damage.
You barely miss the hobgoblin. Your kick misses the hobgoblin.
The hobgoblin is severely wounded.
The hobgoblin hits you but does no damage.
You closely miss the hobgoblin. You peck the hobgoblin.
You kill the hobgoblin!
You hit the hobgoblin.
You peck the hobgoblin, but do no damage.
The hobgoblin is heavily wounded.
The hobgoblin completely misses you.
You hit the hobgoblin.
You kill the hobgoblin!
The goblin is distracted by your dazzling golden aura.
You hit the goblin.
You kill the goblin!
Things that are here:
19 gold pieces; a +0 club
There is an open door here.
You slash the goblin!
You kill the goblin!
No target in view!
No target in view!
No target in view!
No target in view!
No target in view!
No target in view!
No target in view!
No target in view!
No target in view!
No target in view!
No target in view!
No target in view!
No target in view!
No target in view!
No target in view!
No target in view!
No target in view!
No target in view!
No target in view!
No target in view!
No target in view!
HP restored.
You now have 51 gold pieces (gained 19).
You see here a +0 club.
There is an open door here.
You now have 56 gold pieces (gained 5).
You see here a +0 club.
Partly explored, can't reach some places.
Partly explored, can't reach some places.
Partly explored, can't reach some places.
There is a stone staircase leading down here.
You see here 17 stones.
There is a stone staircase leading down here.
You climb downwards.
Level annotation: Robin
Found a bronze ring.
Found a stormy altar of Qazlal.
There is a stone staircase leading up here.
There's nothing to open nearby.
h - a ring of flight You open the door.
There is an open door here.
Found an escape hatch in the ceiling.
Terence the Incautious comes into view.
He is wielding a +4 short sword of protection and wearing a +1 scale mail of poison resistance.
You feel stronger.
g - a +6 ring of strength (left hand)
A hobgoblin comes into view.
Found a stone staircase leading down.
Terence shouts!
The hobgoblin shouts!
You hit Terence but do no damage. Your kick misses Terence.
Terence hits you with a +4 short sword of protection!
You are too injured to fight recklessly!
You are too injured to fight recklessly!
You are too injured to fight recklessly!
You are too injured to fight recklessly!
Press: ? - help, v - describe, . - travel
Here: Terence, wielding a +4 short sword of protection and wearing a +1 scale mail of poison resistance The floor.
Really walk into that teleport trap? [Y]es or [N]o only, please.
Really walk into that teleport trap?
You enter a teleport trap!
The teleport trap disappears.
Your surroundings suddenly seem different.
Terence is nearby!
Terence is nearby!
Terence is nearby!
Terence hits you with a +4 short sword of protection!
There is an open door, spattered with blood here.
Terence hits you with a +4 short sword of protection.
* * * LOW HITPOINT WARNING * * *
There is an open door, spattered with blood here.
Terence hits you with a +4 short sword of protection!
* * * LOW HITPOINT WARNING * * *
Terence closely misses you.
Terence hits you with a +4 short sword of protection!
You die...
Your body crumbles into a pile of gold.

#.......... # ... .....+#
#.#.# #.##.._.....# g...#
#####........... ..#+#
##..<...........S .....
#....#..#....... .......
#....#.......... .......
###....#.@.#####.# .......
#......#@#.....#.#
#########........#..##<#.#
#........####..#..#.#
#........'........#@#
#........#####.#....#
#........# ...#....##
#........# ###.......#
#........# ##...#..## ##
#....##### ........# ..


You could see Terence.

Vanquished Creatures
  A ball python (D:1)
  2 endoplasms (D:1)
  4 hobgoblins
  5 jackals (D:1)
  8 kobolds (D:1)
  A bat (D:1)
  5 goblins
  3 rats (D:1)
29 creatures vanquished.

Notes
Turn   | Place    | Note
-------+----------+-------------------------------------------
     0 | D:1      | sleeves the Tengu Monk began the quest for the Orb.
     0 | D:1      | Reached XP level 1. HP: 14/14 MP: 2/2
   297 | D:1      | Reached XP level 2. HP: 16/19 MP: 3/3
   453 | D:1      | Reached skill level 4 in Long Blades
   685 | D:1      | Found a faded altar of an unknown god.
   846 | D:1      | Became a worshipper of Gozag Ym Sagoz the Greedy
   925 | D:1      | Reached XP level 3. HP: 19/23 MP: 4/4
  1098 | D:2      | Noticed Robin
  1263 | D:2      | Found a stormy altar of Qazlal.
  1285 | D:2      | Noticed Terence
  1350 | D:2      | HP: 11/23 [Terence (1)]
  1354 | D:2      | HP: 2/23 [Terence (10)]
  1363 | D:2      | Slain by Terence

Illustrated notes

Levels and vault maps discovered:
D:1:      minmay_arrival_shoal_huts, layout_basic,
          ebering_ecumenical_altar_abandoned, dk_noncrumbling_2,
          chequers_serial_rivers_small_3
D:2:      layout_basic, basic_altar, kennysheep_nondescript, uniq_robin,
          uniq_terence

Skill      XL: |  1  2 |
---------------+-------+-----
Long Blades    | 4 |  4.7
Fighting       | |  3.0
Dodging        | |  3.2
Stealth        | |  2.0

Action                   || total
-------------------------++-------
Melee: Falchion          ||    55
       Kick              ||     9
       Peck              ||     8
 Stab: Sleeping          ||     3
Armor: Robe              ||     7
Dodge: Dodged            ||    41

Table legend: (Time is in decaauts)
 A = Elapsed time spent in this place.
 B = Non-inter-level travel time spent in this place.
 C = Inter-level travel time spent in this place.
 D = Time resting spent in this place.
 E = Time spent auto-exploring this place.
 F = Levels seen in this place.
 G = Mean time per level.
                   A        B        C        D        E       F      G
               +--------+--------+--------+--------+--------+-----+--------+
         Total |   1376 |   1257 |    119 |     89 |    920 |   2 |  688.0 |
       Dungeon |   1376 |   1257 |    119 |     89 |    920 |   2 |  688.0 |
               +--------+--------+--------+--------+--------+-----+--------+

Top non-repeatable levels by time:
     D:1: 1272 daAuts
     D:2: 104 daAuts
